AoeStats
← lordvios

Arabia

509546214Analyzed
3v3 RM · 4d ago on Sep 27, 2026· 66m 29s· 6 players
Game mode
Random Map
Map size
Normal (6 player)
Population
200
Speed
Normal
Resources
Standard
Victory
Conquest
Starting age
Dark Age
Ending age
Imperial Age
RankedLock teamsTeams togetherTeam positionsShared explorationLock speedFull tech treeHidden civsTurbo modeCheats
Victory
Defeat
🇪🇸 Japanese · Spain
837
+12
🇺🇸 Tatars · United States
760
+15
🇺🇸 Hindustanis · United States
647
+19
🇲🇽 Aztecs · Mexico
739
-16
🇵🇪 Teutons · Peru
737
-15
🇨🇴 Turks · Colombia
721
-15
Yuls37
0:44 Loom
11:15 Feudal Age
20:28 Castle Age
20:06 Double-Bit Axe
20:20 Stone Mining
20:15 Horse Collar
24:47 Bow Saw
27:03 Stone Shaft Mining
26:25 Gold Mining
34:53 Imperial Age
32:22 Town Watch
33:13 Wheelbarrow
33:49 Town Patrol
34:28 Fortified Wall
34:05 Pikeman
35:32 Hand Cart
35:25 Halberdier
45:34 Elite Teutonic Knight
Fulgur
12:42 Feudal Age
10:58 Loom
19:49 Castle Age
18:15 Double-Bit Axe
21:42 Forging
21:59 Town Watch
22:53 Wheelbarrow
22:13 Horse Collar
25:15 Town Patrol
25:51 Hand Cart
29:30 Bow Saw
30:34 Iron Casting
30:05 Scale Barding Armor
33:46 Chain Barding Armor
38:47 Imperial Age
38:31 Fletching
38:47 Padded Archer Armor
41:32 Bodkin Arrow
43:39 Conscription
42:40 Elite Janissary
44:44 Guilds
44:35 Caravan
44:38 Bracer
45:40 Blast Furnace
45:15 Plate Barding Armor
47:18 Gold Mining
47:47 Leather Archer Armor
48:54 Bloodlines
48:45 Husbandry
48:08 Heavy Camel Rider
50:35 Heavy Plow
51:43 Two-Man Saw
lordvios
2:34 Loom
11:47 Feudal Age
15:47 Wheelbarrow
16:31 Town Watch
18:46 Castle Age
18:37 Double-Bit Axe
18:34 Horse Collar
22:28 Gambesons
22:43 Squires
22:59 Forging
22:49 Scale Mail Armor
27:09 Heavy Plow
28:33 Hand Cart
29:59 Bow Saw
29:19 Eagle Warrior
29:46 Arson
32:50 Atlatl
32:17 Elite Skirmisher
34:09 Town Patrol
35:47 Pikeman
39:55 Imperial Age
40:26 Iron Casting
40:07 Chain Mail Armor
41:05 Conscription
42:13 Garland Wars
42:04 Elite Eagle Warrior
44:42 Elite Jaguar Warrior
Rat Meat Pizza
1:00 Loom
15:14 Feudal Age
17:22 Gold Mining
17:14 Horse Collar
17:22 Double-Bit Axe
22:56 Castle Age
21:14 Stone Mining
24:31 Wheelbarrow
24:01 Heavy Plow
24:14 Bow Saw
25:39 Hand Cart
28:53 Padded Archer Armor
28:44 Fletching
29:00 Scale Barding Armor
30:27 Ballistics
31:10 Leather Archer Armor
33:53 Bodkin Arrow
34:19 Chain Barding Armor
33:59 Scale Mail Armor
36:58 Forging
40:02 Imperial Age
37:47 Husbandry
37:58 Bloodlines
38:46 Gold Shaft Mining
38:54 Silk Armor
41:22 Crop Rotation
41:23 Elite Steppe Lancer
41:23 Heavy Camel Rider
41:24 Cavalier
42:34 Caravan
42:22 Heavy Cavalry Archer
44:41 Conscription
44:34 Timurid Siegecraft
43:45 Elite Keshik
45:04 Ring Archer Armor
44:34 Bracer
51:33 Chemistry
51:13 Plate Barding Armor
51:14 Iron Casting
61:28 Blast Furnace
Morty Usman
7:43 Loom
10:27 Feudal Age
14:31 Double-Bit Axe
20:21 Castle Age
18:48 Stone Mining
20:13 Gold Mining
20:34 Horse Collar
22:35 Stone Shaft Mining
23:14 Bow Saw
25:16 Squires
26:57 Murder Holes
28:33 Wheelbarrow
29:32 Husbandry
29:42 Bloodlines
30:09 Arson
32:24 Hand Cart
32:45 Ballistics
33:27 Heavy Plow
34:05 Pikeman
35:26 Caravan
37:01 Gold Shaft Mining
39:04 Thumb Ring
39:16 Grand Trunk Road
42:03 Imperial Age
40:07 Grand Trunk Road
41:29 Scale Barding Armor
41:35 Forging
41:29 Scale Mail Armor
44:12 Chemistry
43:30 Shatagni
43:59 Conscription
47:06 Heavy Camel Rider
47:34 Elite Ghulam
50:24 Siege Elephant
53:52 Arson
57:54 Imperial Camel Rider
61:47 Town Watch
josehgx
0:48 Loom
13:44 Feudal Age
23:59 Castle Age
24:39 Pikeman
25:24 Squires
27:08 Double-Bit Axe
33:56 Forging
33:50 Scale Mail Armor
42:07 Imperial Age
45:15 Capped Ram
47:14 Wheelbarrow
46:49 Horse Collar
49:26 Heavy Scorpion
52:30 Gold Mining
52:32 Stone Mining
54:40 Halberdier
57:51 Cavalier
60:04 Husbandry
59:37 Elite Samurai
66:50 Arson
Connection lost

Rejoining the realm…

Still unreachable

The connection could not be restored.

Session expired

The server has moved on; the page needs a fresh start.